 Dungeon Crawl Stone Soup version 0.31-a0-968-g24f9ace8b5 (webtiles) character file.

Game seed: 12648196529184436900

120 MacCMillion the Ruffian (level 5, 0/34 HPs)
             Began as an Octopode Shapeshifter on Oct 27, 2023.
             Slain by Ijyb
             ... wielding a +2 dagger of pain
              (3 damage)
             ... on level 3 of the Dungeon.
             The game lasted 00:02:10 (1920 turns).

MacCMillion the Ruffian (Octopode Shapeshifter)     Turns: 1920, Time: 00:02:10

Health: 0/34       AC:  1    Str: 15    XL:     5   Next: 4%
Magic:  5/5        EV: 13    Int: 12    God:
Gold:   103        SH:  0    Dex: 12    Spells: 4/4 levels left

rFire   . .          .
                       - Unarmed
rCold   . . .        (no shield)
rNeg    . . .        (helmet currently unavailable)
rPois   .            (no amulet)
rElec   .            u - ring of resist corrosion
rCorr   +            (no ring)
SInv    .            (no ring)
Will    .....        (no ring)
Stlth   +++          (no ring)
HPRegen 0.25/turn    (no ring)
MPRegen 0.09/turn    (no ring)
                     (no ring)

%: no passive effects
@: beast-form
A: beast (slay +1), almost no armour, amphibious, 8 rings, camouflage 1,
gelatinous body 1, (nimble swimmer 1), tentacles
a: Begin Untransformation


You were on level 3 of the Dungeon.
You were a hulking beast.
You visited 1 branch of the dungeon, and saw 3 of its levels.

You collected 103 gold pieces.

Inventory:

Missiles
 p - 9 poisoned darts
Armour
 t - a +0 buckler
Jewellery
 u - a ring of resist corrosion (left tentacle)
Talismans
 b - a beast talisman
 c - a flux talisman
 w - a maw talisman
Scrolls
 d - a scroll of enchant weapon {unknown}
 f - 4 scrolls of identify {unknown}
 g - 2 scrolls of brand weapon {unknown}
 h - 2 scrolls of fear {unknown}
 l - 2 scrolls of teleportation {unknown}
 m - a scroll of noise {unknown}
 n - a scroll of poison {unknown}
 o - 2 scrolls of acquirement {unknown}
 r - a scroll of revelation {unknown}
 s - a scroll of blinking {unknown}
 v - a scroll of fog {unknown}
Potions
 a - a potion of lignification
 e - 5 potions of heal wounds {unknown}
 i - a potion of haste {unknown}
 j - a potion of ambrosia {unknown}
 k - a potion of curing {unknown}
 q - 2 potions of degeneration {unknown}
 x - a potion of might {unknown}


   Skills:
 + Level 1.9 Fighting
 + Level 2.6 Dodging
 + Level 2.3 Stealth
 * Level 4.1 Unarmed Combat
 + Level 3.4 Shapeshifting


You had 4 spell levels left.
You didn't know any spells.
Your spell library contained the following spells:

 Spells                   Type           Power      Damage    Failure   Level
 Apportation              Tloc           0%         N/A       32%         1
 Foxfire                  Conj/Fire      0%         2x1d4     32%         1
 Jinxbite                 Hex            0%         N/A       45%         2
 Alistair's Intoxication  Tmut/Pois      0%         N/A       100%        5
 Bombard                  Conj/Erth      0%         9d1       100%        6
 Haunt                    Necr/Summ      0%         N/A       100%        7


Dungeon Overview and Level Annotations

Branches:
Dungeon (3/15)

Altars:

Annotations:
D:3 Ijyb


Innate Abilities, Weirdness & Mutations

You are a hulking beast.
Your limbs bulge with bestial killing power. (Slay +1)
You cannot wear most types of armour.
You are amphibious.
You can wear up to eight rings at the same time.
Your skin changes colour to match your surroundings (Stealth+).
Your rubbery body absorbs attacks. (AC +1, EV +1)
((You are camouflaged when in or above water. (Stealth+)))
You have tentacles for arms and can constrict up to eight enemies at once.


Message History

The hobgoblin hits you.
You closely miss the hobgoblin. You grab the hobgoblin.
You squeeze the hobgoblin.
You kill the hobgoblin!
No target in view!
Ijyb the Twisted Goblin comes into view.
She is wielding a +2 dagger of pain and carrying a wand of flame.
Ijyb is nearby!
Ijyb is nearby!
Ijyb is nearby!
Ijyb shouts!
Ijyb hits you with a +2 dagger of pain.
You tentacle-slap Ijyb but do no damage.
You grab Ijyb. You constrict Ijyb, but do no damage.
Ijyb hits you with a +2 dagger of pain.
You tentacle-slap Ijyb but do no damage.
You constrict Ijyb, but do no damage. Ijyb barely misses you.
You tentacle-slap Ijyb.
Ijyb is lightly wounded.
You constrict Ijyb, but do no damage. Ijyb screams, "I no like you!"
Ijyb hits you with a +2 dagger of pain.
You tentacle-slap Ijyb. You squeeze Ijyb, but do no damage.
Ijyb is moderately wounded.
You constrict Ijyb, but do no damage.
Ijyb zaps a wand.
The puff of flame hits you!
You are too injured to fight recklessly!
You are too injured to fight recklessly!
You tentacle-slap Ijyb but do no damage.
Ijyb is moderately wounded.
You constrict Ijyb, but do no damage. Ijyb misses you.
You tentacle-slap Ijyb. Your squeeze misses Ijyb.
Ijyb is heavily wounded.
You constrict Ijyb, but do no damage.
Ijyb zaps a wand.
The puff of flame hits you!
* * * LOW HITPOINT WARNING * * *
Unknown command.
You bludgeon Ijyb! Your squeeze misses Ijyb.
Ijyb is severely wounded.
You constrict Ijyb, but do no damage. Ijyb hits you with a +2 dagger of pain.
You die...

.......(.#### .#
####........###
#...#.#.......##
......###......#
......#
####...##
.###### ##...#
## #...##
##...####
#..h...#
##..g.....#
###.......
####... ##


You could see Ijyb.

Vanquished Creatures
  Robin (D:3)
  4 adders
  A worm (D:3)
  3 dart slugs (D:1)
  An endoplasm (D:1)
  3 giant cockroaches
  7 goblins
  9 hobgoblins
  9 jackals
  2 quokkas (D:1)
  8 ball pythons
  3 bats (D:2)
  4 kobolds
  6 rats
61 creatures vanquished.

Notes
Turn   | Place    | Note
-------+----------+-------------------------------------------
     0 | D:1      | MacCMillion the Octopode Shapeshifter began the quest for
                  | the Orb.
     0 | D:1      | Reached XP level 1. HP: 13/13 MP: 1/1
    76 | D:1      | Reached XP level 2. HP: 18/18 MP: 2/2
   110 | D:1      | Reached skill level 1 in Stealth
   424 | D:1      | Reached XP level 3. HP: 23/23 MP: 3/3
   509 | D:1      | Found a faded altar of an unknown god.
   765 | D:2      | Identified the "Hiatonec"
   987 | D:2      | Reached XP level 4. HP: 27/29 MP: 4/4
  1699 | D:3      | Reached skill level 4 in Unarmed Combat
  1717 | D:3      | Noticed Robin
  1722 | D:3      | Killed Robin
  1723 | D:3      | Reached XP level 5. HP: 29/34 MP: 5/5
  1908 | D:3      | Noticed Ijyb
  1920 | D:3      | Slain by Ijyb

Illustrated notes

Levels and vault maps discovered:
D:1:      minmay_arrival_nine_rooms, layout_basic,
          hellmonk_ecumenical_altar_arch_garden
D:2:      layout_loops_ring, minmay_misc_feat_pillars,
          kennysheep_generic_room_16
D:3:      layout_rooms, nzn_hepliaklqana_mist_gate, serial_curves,
          eino_curves_04, eino_curves_01, uniq_ijyb, uniq_crazy_yiuf_cottage,
          uniq_robin

Skill      XL: |  1  2  3  4 |
---------------+-------------+-----
Stealth        | 1 2 |  2.3
Unarmed Combat | 4 |  4.1
Fighting       | |  1.9
Dodging        | |  2.6
Shapeshifting  | |  3.4

Action                     |  1- 3 |  4- 6 || total
---------------------------+-------+-------++-------
  Melee: Unarmed           |    56 |    49 ||   105
         Constrict         |    18 |    18 ||    36
         Tentacles         |     9 |    11 ||    20
         Punch             |     3 |       ||     3
   Stab: Sleeping          |     4 |     1 ||     5
 Armour: Skin              |    16 |    21 ||    37
  Dodge: Dodged            |    35 |    18 ||    53

Table legend: (Time is in decaauts)
 A = Elapsed time spent in this place.
 B = Non-inter-level travel time spent in this place.
 C = Inter-level travel time spent in this place.
 D = Time resting spent in this place.
 E = Time spent auto-exploring this place.
 F = Levels seen in this place.
 G = Mean time per level.
                   A        B        C        D        E       F      G
               +--------+--------+--------+--------+--------+-----+--------+
         Total |   1912 |   1857 |     55 |      6 |   1513 |   3 |  637.3 |
       Dungeon |   1912 |   1857 |     55 |      6 |   1513 |   3 |  637.3 |
               +--------+--------+--------+--------+--------+-----+--------+

Top non-repeatable levels by time:
     D:1: 762 daAuts
     D:2: 680 daAuts
     D:3: 469 daAuts
